 Dungeon Crawl Stone Soup version 0.20-a0-351-gc9b4002 (webtiles) character file.

30 terra53 the Ruffian (level 3, 0/28 HPs)
             Began as a Draconian Transmuter on Dec 24, 2016.
             Succumbed to an adder's poison
             ... on level 1 of the Dungeon.
             The game lasted 00:05:25 (1109 turns).

terra53 the Ruffian (Draconian Transmuter)          Turns: 1109, Time: 00:05:26

Health: 0/28       AC:  5    Str: 13    XL:     3   Next: 3%
Magic:  5/6        EV: 12    Int: 13    God:
Gold:   74         SH:  0    Dex: 11    Spells: 6/7 levels left

rFire  . . .     SeeInvis .       - Unarmed
rCold  . . .     Gourm    .     (armour unavailable)
rNeg   . . .     Faith    .     (no shield)
rPois  .         Spirit   .     (helmet restricted)
rElec  .         Reflect  .     (no cloak)
rCorr  .         Harm     .     (no gloves)
MR     .....                    (no boots)
Stlth  +.........               (no amulet)
                                (no ring)
                                (no ring)

@: lethally poisoned (0 -> -4)
A: unfitting armour, cold-blooded, AC +5
a: no special abilities


You were on level 1 of the Dungeon.
You were hungry.

You visited 1 branch of the dungeon, and saw 2 of its levels.

You collected 74 gold pieces.

Inventory:

Missiles
 a - 12 arrows
Scrolls
 d - 3 scrolls of magic mapping {unknown}
 e - 2 scrolls of identify {unknown}
Potions
 h - a potion of berserk rage {unknown}
 i - a potion of heal wounds {unknown}
 j - 2 potions of curing {unknown}
Books
 b - a book of Changes

   Spells                             Type                      Level
   a - Beastly Appendage              Transmutation                1
   b - Sticks to Snakes               Transmutation                2
   c - Spider Form                    Transmutation/Poison         3
   d - Ice Form                       Ice/Transmutation            4
   e - Blade Hands                    Transmutation                5
Comestibles
 c - a bread ration
 f - a meat ration


   Skills:
 * Level 1.5 Fighting
 * Level 2.0 Dodging
 * Level 3.3 Unarmed Combat
 * Level 2.5 Spellcasting
 * Level 2.2 Transmutations


You had 6 spell levels left.
You knew the following spells:

 Your Spells              Type           Power        Failure   Level  Hunger
a - Beastly Appendage     Tmut           #.....       12%         1    #......


Dungeon Overview and Level Annotations

Branches:
Dungeon (2/15)

Altars:


Innate Abilities, Weirdness & Mutations

Your plain brown scales are hard. (AC +5)
You cannot fit into any form of body armour.
You are cold-blooded and may be slowed by cold attacks.


Message History

Your experience leads to an increase in your attributes!
Increase (S)trength, (I)ntelligence, or (D)exterity?
You feel stronger.
Your scales feel tougher.
You feel sick.
You feel sick. The rat barely misses you. The worm closely misses you.
You climb upwards.
You feel sick.
There is a stone staircase leading down here.
You hit the rat but do no damage. Your kick misses the rat.
You feel sick. The rat barely misses you.
You hit the rat.
You kill the rat!
The worm closely misses you.
Your talons disappear.
You feel sick.
You aren't carrying any items that you can evoke.
Welcome back, terra53 the Draconian Transmuter.
Press ? for a list of commands and other information.
You feel sick. The worm bites you!
* * * LOW HITPOINT WARNING * * *
You die...

.......####.##.# #.#
............##.# #.#
.#....########.# #####.#
.##.......# #.# #...#.#
.##...###.# #.# #.....#
.##..####.####.#####...###
.##.................#.##
.##..#.##.#.##)####.#.#
.##..#.##.#.##>w@.#.#.#
..>.......#.#####.#.#.#
.###.######.#...#.#.#.# .#
#..........#.......# ##
##########...#...###
#####...# #...# #...#
#...######


You could see a worm.

Vanquished Creatures
  An adder (D:2)
  A ball python (D:1)
  5 bats (D:1)
  A giant cockroach (D:1)
  4 goblins (D:1)
  2 hobgoblins (D:1)
  2 frilled lizards (D:1)
  A kobold (D:1)
  3 rats (D:1)
20 creatures vanquished.

Notes
Turn   | Place    | Note
-------+----------+-------------------------------------------
     0 | D:1      | terra53 the Draconian Transmuter began the quest for the Orb.
     0 | D:1      | Reached XP level 1. HP: 16/16 MP: 3/3
   268 | D:1      | Reached XP level 2. HP: 20/23 MP: 3/5
  1100 | D:2      | Reached XP level 3. HP: 17/28 MP: 4/6
  1107 | D:1      | Upgraded the game from 0.20-a0-350-ga83eecc to 0.20-a0-351-gc9b4002
  1107 | D:1      | HP: 1/28 [worm (11)]
  1109 | D:1      | Succumbed to an adder's poison

Vault maps used:
D:1:      scummos_arrival_forest

Skill      XL: |  1  2 |
---------------+-------+-----
Dodging        | 2 |  2.0
Fighting       | |  1.5
Unarmed Combat | |  3.3
Spellcasting   | |  2.5
Transmutations | |  2.2

Action                   || total
-------------------------++-------
Melee: Unarmed           ||    66
       Kick              ||    10
       Headbutt          ||     4
       Tailslap          ||     5
       Punch             ||     3
 Cast: Beastly Appendage ||    14
 Stab: Sleeping          ||     1
Armor: Skin              ||    30
Dodge: Dodged            ||    71
